MID
GREENVILLE DRIVE @ BURLINGTON BEES
04/01/2045
 
TOP OF THE 1ST
Greenville Drive batting - Pitching for Burlington Bees : RHP Luis Cabrera
Pitching: RHP Luis Cabrera
Batting: RHB David Norum 0-0: Called Strike
0-1: DOUBLE (Line Drive, 9LM, EV 95.0 MPH)
Batting: LHB Frank Olivo 0-0: Foul Ball, location: 2F
0-1: Foul Ball, location: 2F
0-2: Ball
1-2: Strikes out swinging
Batting: RHB Tommy Boudreaux 0-0: Ball
1-0: Foul Ball, location: 2F
1-1: Foul Ball, location: 2F
1-2: Foul Ball, location: 2F
1-2: SINGLE (Groundball, 4M, EV 105.6 MPH) (infield hit)
David Norum to third
Batting: LHB Sergio Tinoco 0-0: Called Strike
0-1: Ball
1-1: Fly out, F5 (Popup, 56S, EV 70.0 MPH)
Batting: LHB Jarrett Mordecai 0-0: Foul Ball, location: 2F
0-1: Swinging Strike
0-2: SINGLE (Groundball, 34D, EV 105.6 MPH) (infield hit)
David Norum scores
Tommy Boudreaux to second
Batting: RHB Nick Cottrell 0-0: Foul Ball, location: 2F
0-1: Foul Ball, location: 2F
0-2: Strikes out swinging
Top of the 1st over - 1 run, 3 hits, 0 errors, 2 left on base; Greenville 1 - Burlington 0
BOTTOM OF THE 1ST
Burlington Bees batting - Pitching for Greenville Drive : RHP Jose Escobar
Pitching: RHP Jose Escobar
Batting: LHB Justin Alexander 0-0: Ball
1-0: Ball
2-0: Called Strike
2-1: Foul Ball, location: 2F
2-2: Ball
3-2: SINGLE (Groundball, 3D, EV 102.5 MPH)
Batting: RHB Ryan Pelletier 0-0: SINGLE (Line Drive, 78S, EV 90.6 MPH)
Justin Alexander to second
Batting: RHB Jon Griffin 0-0: Ball
1-0: Foul Ball, location: 2F
1-1: Fly out, F7 (Line Drive, 7, EV 103.1 MPH)
Runner from 2nd tags up, SAFE at 3rd with throw by LF
Batting: RHB Jonathan Ellis 0-0: Called Strike
0-1: Grounds into double play, 5-4-3 (Groundball, 56, EV 106.3 MPH)
Bottom of the 1st over - 0 runs, 2 hits, 0 errors, 1 left on base; Greenville 1 - Burlington 0
TOP OF THE 2ND
Greenville Drive batting - Pitching for Burlington Bees : RHP Luis Cabrera
Batting: RHB Adugna Chandu 0-0: Ball
1-0: Ball
2-0: Called Strike
2-1: Ball
3-1: Base on Balls
Batting: RHB Jose Diaz 0-0: Grounds into double play, 6-4-3 (Groundball, 6, EV 101.9 MPH)
Batting: RHB John Chiesa 0-0: Ball
1-0: Ball
2-0: Foul Ball, location: 2F
2-1: Ball
3-1: Swinging Strike
3-2: Strikes out swinging
Top of the 2nd over - 0 runs, 0 hits, 0 errors, 0 left on base; Greenville 1 - Burlington 0
BOTTOM OF THE 2ND
Burlington Bees batting - Pitching for Greenville Drive : RHP Jose Escobar
Batting: RHB Ryuji Ito 0-0: Foul Ball, location: 2F
0-1: DOUBLE (Line Drive, 89XD, EV 97.5 MPH)
Batting: RHB Ryan Munro 0-0: Ball
1-0: Ball
2-0: Foul Ball, location: 2F
2-1: Ball
Wild Pitch!
Ryuji Ito to third
3-1: Called Strike
3-2: Strikes out looking
Batting: LHB Griffin Ferris 0-0: Ball
1-0: Ball
2-0: Ball
3-0: Called Strike
3-1: Base on Balls
Batting: LHB Brett Bugge 0-0: Called Strike
0-1: Ball
1-1: Swinging Strike
1-2: SINGLE (Groundball, 34S, EV 63.8 MPH) (infield hit)
Ryuji Ito scores
Griffin Ferris to second
Batting: LHB Sean Corderman 0-0: Ball
1-0: Called Strike
1-1: Foul Ball, location: 2F
1-2: Ball
2-2: Foul Ball, location: 2F
2-2: Ball
3-2: Strikes out looking
Batting: LHB Justin Alexander 0-0: Called Strike
0-1: Swinging Strike
0-2: Ball
1-2: Ball
2-2: Ground out U3 (Groundball, 34S, EV 93.8 MPH)
Bottom of the 2nd over - 1 run, 2 hits, 0 errors, 2 left on base; Greenville 1 - Burlington 1
TOP OF THE 3RD
Greenville Drive batting - Pitching for Burlington Bees : RHP Luis Cabrera
Batting: RHB David Norum 0-0: Ball
1-0: Bunt missed!
1-1: Foul Ball, location: 2F
1-2: Ball
2-2: Ball
3-2: Foul Ball, location: 2F
3-2: Fly out, F1 (Line Drive, P, EV 65.6 MPH)
Batting: LHB Frank Olivo 0-0: Called Strike
0-1: Ball
1-1: Swinging Strike
1-2: Foul Ball, location: 2F
1-2: Foul Ball, location: 2F
1-2: Ball
2-2: Foul Ball, location: 2F
2-2: DOUBLE (Line Drive, 9LM, EV 104.4 MPH)
Batting: RHB Tommy Boudreaux 0-0: Ground out 4-3 (Groundball, 4, EV 85.0 MPH)
Frank Olivo to third
Batting: LHB Sergio Tinoco 0-0: Foul Ball, location: 2F
0-1: Ball
1-1: Foul Ball, location: 2F
1-2: Foul Ball, location: 2F
1-2: Ground out 3-1 (Groundball, 34, EV 79.4 MPH)
Top of the 3rd over - 0 runs, 1 hit, 0 errors, 1 left on base; Greenville 1 - Burlington 1
BOTTOM OF THE 3RD
Burlington Bees batting - Pitching for Greenville Drive : RHP Jose Escobar
Batting: RHB Ryan Pelletier 0-0: Fly out, F9 (Line Drive, 9, EV 106.9 MPH)
Batting: RHB Jon Griffin 0-0: Called Strike
0-1: Ground out 5-3 (Groundball, 56, EV 89.4 MPH)
Batting: RHB Jonathan Ellis 0-0: Ball
1-0: Ball
2-0: Foul Ball, location: 2F
2-1: SINGLE (Line Drive, 34D, EV 101.3 MPH)
Batting: RHB Ryuji Ito 0-0: Called Strike
0-1: Ball
1-1: Ball
2-1: Called Strike
2-2: Ball
3-2: Fly out, F5 (Line Drive, 5, EV 71.3 MPH)
Bottom of the 3rd over - 0 runs, 1 hit, 0 errors, 1 left on base; Greenville 1 - Burlington 1
TOP OF THE 4TH
Greenville Drive batting - Pitching for Burlington Bees : RHP Luis Cabrera
Batting: LHB Jarrett Mordecai 0-0: Ball
1-0: Ball
2-0: Ball
3-0: Base on Balls
Batting: RHB Nick Cottrell 0-0: Ball
1-0: Called Strike
1-1: Ball
2-1: Swinging Strike
2-2: Ball
3-2: Fly out, F8 (Flyball, 78XD, EV 100.0 MPH)
Batting: RHB Adugna Chandu 0-0: Ball
1-0: Called Strike
1-1: Ball
2-1: Fly out, F9 (Flyball, 89S, EV 74.4 MPH)
Batting: RHB Jose Diaz 0-0: Ball
1-0: Ball
2-0: Ball
3-0: Base on Balls
Jarrett Mordecai to second
Batting: RHB John Chiesa 0-0: Ball
1-0: Ground out U3 (Groundball, 34, EV 97.5 MPH)
Top of the 4th over - 0 runs, 0 hits, 0 errors, 2 left on base; Greenville 1 - Burlington 1
BOTTOM OF THE 4TH
Burlington Bees batting - Pitching for Greenville Drive : RHP Jose Escobar
Batting: RHB Ryan Munro 0-0: Ball
1-0: Foul Ball, location: 2F
1-1: Foul Ball, location: 2F
1-2: Ball
2-2: Foul Ball, location: 2F
2-2: Ball
3-2: Base on Balls
Batting: LHB Griffin Ferris 0-0: Ball
1-0: Called Strike
1-1: Ball
2-1: Swinging Strike
2-2: Strikes out swinging
Batting: LHB Brett Bugge 0-0: Reached on error, E9 (Flyball, 89D, EV 93.8 MPH)
Ryan Munro to third
Batting: LHB Sean Corderman 0-0: Called Strike
0-1: Ball
1-1: TRIPLE (Flyball, 7LD, EV 101.3 MPH)
Ryan Munro scores
Brett Bugge scores
Batting: LHB Justin Alexander 0-0: Fly out, F8 (Flyball, 8LD, EV 106.3 MPH)
Runner from 3rd tags up, OUT at HOME! 8-2
Bottom of the 4th over - 2 runs, 1 hit, 1 error, 0 left on base; Greenville 1 - Burlington 3
TOP OF THE 5TH
Greenville Drive batting - Pitching for Burlington Bees : RHP Luis Cabrera
Batting: RHB David Norum 0-0: Foul Ball, location: 2F
0-1: Swinging Strike
0-2: Ball
1-2: Strikes out looking
Pitching: LHP Paul Griffin
Batting: LHB Frank Olivo 0-0: Called Strike
0-1: Ball
1-1: Foul Ball, location: 2F
1-2: Ball
2-2: Foul Ball, location: 2F
2-2: DOUBLE (Flyball, 8LXD, EV 93.8 MPH)
Batting: RHB Tommy Boudreaux 0-0: Ball
1-0: Foul Ball, location: 2F
1-1: Called Strike
1-2: Ball
2-2: Ball
3-2: Base on Balls
Pinch Hitting: RHB Paul Long 0-0: Called Strike
0-1: Ball
1-1: Ball
2-1: Foul Ball, location: 2F
2-2: Foul Ball, location: 2F
2-2: Ball
3-2: Base on Balls
Frank Olivo to third
Tommy Boudreaux to second
Batting: LHB Jarrett Mordecai 0-0: Called Strike
0-1: Ball
1-1: Foul Ball, location: 2F
1-2: Strikes out swinging
Batting: RHB Nick Cottrell 0-0: Ball
1-0: Called Strike
1-1: Ball
2-1: Foul Ball, location: 2F
2-2: Strikes out swinging
Top of the 5th over - 0 runs, 1 hit, 0 errors, 3 left on base; Greenville 1 - Burlington 3
BOTTOM OF THE 5TH
Burlington Bees batting - Pitching for Greenville Drive : RHP Jose Escobar
Now in LF: Tommy Boudreaux
Now in RF: David Clark
Batting: RHB Ryan Pelletier 0-0: Ground out 4-3 (Groundball, 34, EV 108.8 MPH)
Batting: RHB Jon Griffin 0-0: Called Strike
0-1: Foul Ball, location: 2F
0-2: Strikes out looking
Batting: RHB Jonathan Ellis 0-0: Ball
1-0: Ball
2-0: Ball
3-0: DOUBLE (Flyball, 78D, EV 85.6 MPH)
Batting: RHB Ryuji Ito 0-0: Ball
Wild Pitch!
Jonathan Ellis to third
1-0: Foul Ball, location: 2F
1-1: Ball
2-1: Swinging Strike
2-2: Foul Ball, location: 2F
2-2: Foul Ball, location: 2F
2-2: Strikes out swinging
Bottom of the 5th over - 0 runs, 1 hit, 0 errors, 1 left on base; Greenville 1 - Burlington 3
TOP OF THE 6TH
Greenville Drive batting - Pitching for Burlington Bees : LHP Paul Griffin
Batting: RHB Adugna Chandu 0-0: Ball
1-0: Ball
2-0: Ball
3-0: Called Strike
3-1: Base on Balls
Batting: RHB Jose Diaz 0-0: Ball
1-0: Ball
Passed Ball!
Adugna Chandu to second
2-0: Swinging Strike
2-1: Swinging Strike
2-2: Ball
3-2: Base on Balls
Batting: RHB John Chiesa 0-0: Ball
1-0: Fly out, F9 (Flyball, 89D, EV 103.8 MPH)
Batting: RHB David Norum 0-0: Ball
1-0: Foul Ball, location: 2F
1-1: DOUBLE (Line Drive, 89D, EV 103.8 MPH)
Adugna Chandu scores
Jose Diaz to third
Runner from 3rd tries for Home, throw by RF and OUT! 9-4-2
David Norum to third
Batting: RHB Chris Carlin 0-0: Called Strike
0-1: Ball
1-1: Swinging Strike
1-2: Ball
2-2: Foul Ball, location: 2F
2-2: Ball
3-2: Base on Balls
Batting: RHB Tommy Boudreaux Pickoff Throw to First - Out! 1-3
Top of the 6th over - 1 run, 1 hit, 0 errors, 1 left on base; Greenville 2 - Burlington 3
BOTTOM OF THE 6TH
Burlington Bees batting - Pitching for Greenville Drive : RHP Jose Escobar
Batting: RHB Ryan Munro 0-0: Ball
1-0: Foul Ball, location: 2F
1-1: Called Strike
1-2: Ball
2-2: Fly out, F9 (Flyball, 89D, EV 79.4 MPH)
Pitching: LHP Paul Hinderliter
Batting: LHB Griffin Ferris 0-0: Ball
1-0: Ball
2-0: Foul Ball, location: 2F
2-1: SINGLE (Groundball, 6MD, EV 101.9 MPH)
Batting: LHB Brett Bugge 0-0: Ball
1-0: Ball
2-0: Swinging Strike
2-1: Foul Ball, location: 2F
2-2: Foul Ball, location: 2F
2-2: Fly out, F9 (Flyball, 9, EV 78.1 MPH)
Batting: LHB Sean Corderman 0-0: Ball
1-0: Ball
2-0: Swinging Strike
2-1: Ball
3-1: Swinging Strike
3-2: Strikes out looking
Bottom of the 6th over - 0 runs, 1 hit, 0 errors, 1 left on base; Greenville 2 - Burlington 3
TOP OF THE 7TH
Greenville Drive batting - Pitching for Burlington Bees : LHP Paul Griffin
Pitching: RHP Cal Abbott
Batting: RHB Tommy Boudreaux 0-0: Ball
1-0: Ball
2-0: Called Strike
2-1: SOLO HOME RUN (Line Drive, 7D, EV 104.4 MPH), Distance : 383 ft
Batting: RHB David Clark 0-0: Ball
1-0: Swinging Strike
1-1: Foul Ball, location: 2F
1-2: Fly out, F8 (Flyball, 8RXD, EV 91.3 MPH)
Batting: LHB Jarrett Mordecai 0-0: Called Strike
0-1: Foul Ball, location: 2F
0-2: Ball
1-2: Ball
2-2: Fly out, F8 (Flyball, 8RD, EV 99.4 MPH)
Batting: RHB Nick Cottrell 0-0: Ball
1-0: Swinging Strike
1-1: Ground out 3-1 (Groundball, 34, EV 83.1 MPH)
Top of the 7th over - 1 run, 1 hit, 0 errors, 0 left on base; Greenville 3 - Burlington 3
BOTTOM OF THE 7TH
Burlington Bees batting - Pitching for Greenville Drive : LHP Paul Hinderliter
Pitching: RHP Wing-chiu Ya
Batting: LHB Justin Alexander 0-0: Called Strike
0-1: Called Strike
0-2: DOUBLE (Line Drive, 9LM, EV 104.4 MPH)
Batting: RHB Ryan Pelletier 0-0: Ground out 4-3 (Groundball, 4, EV 75.6 MPH)
Justin Alexander to third
Batting: RHB Jon Griffin 0-0: Swinging Strike
0-1: Ball
1-1: Fly out, F7 (Flyball, 78D, EV 97.5 MPH)
Runner from 3rd tags up, SCORES, no throw by LF
Batting: RHB Jonathan Ellis 0-0: Ball
1-0: Called Strike
1-1: SINGLE (Groundball, 6S, EV 65.0 MPH) (infield hit)
Batting: RHB Ryuji Ito 0-0: Called Strike
0-1: Swinging Strike
0-2: Ball
1-2: Strikes out swinging
Bottom of the 7th over - 1 run, 2 hits, 0 errors, 1 left on base; Greenville 3 - Burlington 4
TOP OF THE 8TH
Greenville Drive batting - Pitching for Burlington Bees : RHP Cal Abbott
Batting: RHB Adugna Chandu 0-0: Ball
1-0: Called Strike
1-1: SINGLE (Flyball, 6D, EV 85.6 MPH)
Batting: RHB Jose Diaz 0-0: Bunt missed!
0-1: Sac Bunt to P - play at first, batter OUT! 1-4
Adugna Chandu to second
Batting: RHB John Chiesa 0-0: Foul Ball, location: 2F
0-1: Swinging Strike
0-2: Ball
1-2: Strikes out swinging
Batting: RHB David Norum 0-0: Ball
1-0: SINGLE (Groundball, 6MD, EV 100.6 MPH)
Adugna Chandu to third
Runner from 3rd tries for Home, SAFE, throw by CF to home
Batting: RHB Chris Carlin 0-0: Ball
David Norum steals 2nd base
1-0: Called Strike
1-1: Fly out, F7 (Flyball, 7S, EV 73.1 MPH)
Top of the 8th over - 1 run, 2 hits, 0 errors, 1 left on base; Greenville 4 - Burlington 4
BOTTOM OF THE 8TH
Burlington Bees batting - Pitching for Greenville Drive : RHP Wing-chiu Ya
Batting: RHB Ryan Munro 0-0: Called Strike
0-1: Foul Ball, location: 2F
0-2: Foul Ball, location: 2F
0-2: Foul Ball, location: 2F
0-2: SINGLE (Groundball, 34D, EV 97.5 MPH)
Pitching: RHP Paul Carter
Batting: LHB Griffin Ferris 0-0: Called Strike
Ryan Munro steals 2nd, throwing error, E2
Ryan Munro to third
0-1: Ball
1-1: Swinging Strike
1-2: Foul Ball, location: 2F
1-2: Ball
2-2: Ball
3-2: SINGLE (Groundball, 34, EV 94.4 MPH)
Ryan Munro scores
Batting: LHB Brett Bugge 0-0: Called Strike
0-1: Bunted foul
0-2: Ball
1-2: Foul Ball, location: 2F
1-2: SINGLE (Flyball, 78S, EV 86.3 MPH)
Griffin Ferris to second
Batting: LHB Sean Corderman 0-0: Called Strike
0-1: Ball
1-1: Called Strike
1-2: Foul Ball, location: 2F
1-2: Fly out, F6 (Popup, 6M, EV 65.0 MPH)
Batting: LHB Justin Alexander 0-0: Foul Ball, location: 2F
0-1: Swinging Strike
0-2: Ball
1-2: Strikes out swinging
Batting: RHB Ryan Pelletier 0-0: Ball
1-0: Ball
2-0: Foul Ball, location: 2F
2-1: SINGLE (Line Drive, 4M, EV 97.5 MPH)
Griffin Ferris to third
Brett Bugge to second
Runner from 3rd tries for Home, throw by CF and OUT! 8-2
Bottom of the 8th over - 1 run, 4 hits, 1 error, 2 left on base; Greenville 4 - Burlington 5
TOP OF THE 9TH
Greenville Drive batting - Pitching for Burlington Bees : RHP Cal Abbott
Pitching: RHP Simon Vogel
Batting: RHB Tommy Boudreaux 0-0: Called Strike
0-1: Called Strike
0-2: Ball
1-2: Foul Ball, location: 2F
1-2: Strikes out swinging
Batting: RHB David Clark 0-0: Swinging Strike
0-1: Ball
1-1: Ball
2-1: Foul Ball, location: 2F
2-2: SOLO HOME RUN (Flyball, 7D, EV 95.6 MPH), Distance : 364 ft
Batting: LHB Jarrett Mordecai 0-0: Ball
1-0: Called Strike
1-1: Foul Ball, location: 2F
1-2: Strikes out looking
Batting: RHB Nick Cottrell 0-0: Ball
1-0: Ball
2-0: Called Strike
2-1: Swinging Strike
2-2: Strikes out swinging
Top of the 9th over - 1 run, 1 hit, 0 errors, 0 left on base; Greenville 5 - Burlington 5
BOTTOM OF THE 9TH
Burlington Bees batting - Pitching for Greenville Drive : RHP Paul Carter
Pitching: RHP Roberto Morales
Batting: RHB Jon Griffin 0-0: Foul Ball, location: 2F
0-1: Ball
1-1: Called Strike
1-2: Ball
2-2: Ball
3-2: Foul Ball, location: 2F
3-2: Base on Balls
Batting: RHB Jonathan Ellis Pickoff Throw to First - Error! E1
Jon Griffin to second
0-0: Ball
1-0: Called Strike
1-1: Ground out 4-3 (Groundball, 34, EV 100.6 MPH)
Jon Griffin to third
Batting: RHB Ryuji Ito 0-0: Called Strike
0-1: Swinging Strike
0-2: Ball
1-2: Strikes out swinging
Batting: RHB Ryan Munro 0-0: Ground out 1-3 (Groundball, 34S, EV 70.6 MPH)
Bottom of the 9th over - 0 runs, 0 hits, 1 error, 1 left on base; Greenville 5 - Burlington 5
TOP OF THE 10TH
Greenville Drive batting - Pitching for Burlington Bees : RHP Simon Vogel
Batting: RHB Adugna Chandu 0-0: Called Strike
0-1: Ball
1-1: Ball
2-1: Ball
3-1: DOUBLE (Flyball, 89D, EV 99.4 MPH)
Batting: RHB Jose Diaz 0-0: Ball
1-0: Ball
2-0: Ball
3-0: Called Strike
3-1: Called Strike
3-2: Fly out, F7 (Line Drive, 7, EV 93.1 MPH)
Batting: RHB John Chiesa 0-0: Fly out, F8 (Flyball, 8LD, EV 98.8 MPH)
Runner from 2nd tags up, SAFE at 3rd with throw by CF
Batting: RHB David Norum 0-0: Called Strike
0-1: Ball
1-1: Called Strike
1-2: Foul Ball, location: 2F
1-2: Ground out 1-3 (Groundball, 25, EV 70.6 MPH)
Top of the 10th over - 0 runs, 1 hit, 0 errors, 1 left on base; Greenville 5 - Burlington 5
BOTTOM OF THE 10TH
Burlington Bees batting - Pitching for Greenville Drive : RHP Roberto Morales
Batting: LHB Griffin Ferris 0-0: Swinging Strike
0-1: Foul Ball, location: 2F
0-2: Foul Ball, location: 2F
0-2: Strikes out swinging
Batting: LHB Brett Bugge 0-0: DOUBLE (Flyball, 89XD, EV 105.6 MPH)
Batting: LHB Sean Corderman 0-0: Ball
1-0: Ball
2-0: Ball
3-0: Base on Balls
Batting: LHB Justin Alexander 0-0: Fly out, F8 (Flyball, 8RM, EV 83.1 MPH)
Batting: RHB Ryan Pelletier 0-0: Ground out U3 (Groundball, 3, EV 85.0 MPH)
Bottom of the 10th over - 0 runs, 1 hit, 0 errors, 2 left on base; Greenville 5 - Burlington 5
TOP OF THE 11TH
Greenville Drive batting - Pitching for Burlington Bees : RHP Simon Vogel
Pitching: RHP Kennie Williams
Batting: RHB Chris Carlin 0-0: Ball
1-0: Ground out 5-3 (Groundball, 56, EV 100.0 MPH)
Batting: RHB Tommy Boudreaux 0-0: Ball
1-0: Called Strike
1-1: Ground out 4-3 (Groundball, 4, EV 108.8 MPH)
Batting: RHB David Clark 0-0: Called Strike
0-1: Ball
1-1: Called Strike
1-2: Foul Ball, location: 2F
1-2: Foul Ball, location: 2F
1-2: Ground out 6-3 (Groundball, 6M, EV 87.5 MPH)
Top of the 11th over - 0 runs, 0 hits, 0 errors, 0 left on base; Greenville 5 - Burlington 5
BOTTOM OF THE 11TH
Burlington Bees batting - Pitching for Greenville Drive : RHP Roberto Morales
Batting: RHB Jon Griffin 0-0: Called Strike
0-1: Ball
1-1: Fly out, F3 (Popup, 34, EV 64.4 MPH)
Batting: RHB Jonathan Ellis 0-0: Ground out 6-3 (Groundball, 6, EV 78.1 MPH)
Batting: RHB Ryuji Ito 0-0: Ball
1-0: Swinging Strike
1-1: Called Strike
1-2: Ball
2-2: Ball
3-2: Base on Balls
Batting: RHB Ryan Munro 0-0: DOUBLE (Line Drive, 8RD, EV 105.0 MPH)
Ryuji Ito to third
Runner from 3rd tries for Home, throw by CF and OUT! 8-4-2
Bottom of the 11th over - 0 runs, 1 hit, 0 errors, 1 left on base; Greenville 5 - Burlington 5
TOP OF THE 12TH
Greenville Drive batting - Pitching for Burlington Bees : RHP Kennie Williams
Batting: LHB Jarrett Mordecai 0-0: Foul Ball, location: 2F
0-1: Called Strike
0-2: Ball
1-2: Foul Ball, location: 2F
1-2: Foul Ball, location: 2F
1-2: Ball
2-2: Foul Ball, location: 2F
2-2: Foul Ball, location: 2F
2-2: Ball
3-2: Ground out 6-3 (Groundball, 6, EV 90.0 MPH)
Batting: RHB Nick Cottrell 0-0: Ball
1-0: Ball
2-0: Called Strike
2-1: Swinging Strike
2-2: Strikes out swinging
Batting: RHB Adugna Chandu 0-0: Ball
1-0: Ball
2-0: Ball
3-0: Called Strike
3-1: Base on Balls
Batting: RHB Jose Diaz 0-0: Called Strike
0-1: Foul Ball, location: 2F
0-2: SINGLE (Line Drive, 8RS, EV 89.4 MPH)
Adugna Chandu to second
Runner from 2nd tries for 3rd, SAFE, no throw by CF
Batting: RHB John Chiesa 0-0: Ball
1-0: Fielders Choice at 2nd, 6-4 (Groundball, 6, EV 82.5 MPH)
Top of the 12th over - 0 runs, 1 hit, 0 errors, 2 left on base; Greenville 5 - Burlington 5
BOTTOM OF THE 12TH
Burlington Bees batting - Pitching for Greenville Drive : RHP Roberto Morales
Pitching: RHP Tyler Carriger
Batting: LHB Griffin Ferris 0-0: SINGLE (Groundball, 6S, EV 74.4 MPH) (infield hit)
Batting: LHB Brett Bugge 0-0: Fielders Choice at 2nd, 4-6 (Groundball, 4M, EV 88.1 MPH)
Batting: LHB Sean Corderman 0-0: Ball
1-0: Foul Ball, location: 2F
1-1: Ball
2-1: Swinging Strike
2-2: Strikes out looking
Batting: LHB Justin Alexander 0-0: Ball
1-0: Fly out, F8 (Flyball, 8LM, EV 86.3 MPH)
Bottom of the 12th over - 0 runs, 1 hit, 0 errors, 1 left on base; Greenville 5 - Burlington 5
TOP OF THE 13TH
Greenville Drive batting - Pitching for Burlington Bees : RHP Kennie Williams
Batting: RHB David Norum 0-0: Ball
1-0: Foul Ball, location: 2F
1-1: Ball
2-1: Ball
3-1: Swinging Strike
3-2: Foul Ball, location: 2F
3-2: Base on Balls
Pitching: RHP Chris Petrey
Batting: RHB Chris Carlin 0-0: Ball
David Norum is caught stealing 2nd base 2-4
1-0: Ball
2-0: Called Strike
2-1: Swinging Strike
2-2: Fly out, F8 (Flyball, 8LXD, EV 108.1 MPH)
Batting: RHB Tommy Boudreaux 0-0: Ball
1-0: Ground out 6-3 (Groundball, 6, EV 84.4 MPH)
Top of the 13th over - 0 runs, 0 hits, 0 errors, 0 left on base; Greenville 5 - Burlington 5
BOTTOM OF THE 13TH
Burlington Bees batting - Pitching for Greenville Drive : RHP Tyler Carriger
Batting: RHB Ryan Pelletier 0-0: Foul Ball, location: 2F
0-1: Ball
1-1: Swinging Strike
1-2: Strikes out swinging
Batting: RHB Jon Griffin 0-0: Called Strike
0-1: Ball
1-1: Ball
2-1: Foul Ball, location: 2F
2-2: Ball
3-2: Ground out 5-3 (Groundball, 56, EV 86.3 MPH)
Batting: RHB Jonathan Ellis 0-0: Ball
1-0: Ball
2-0: Fly out, F9 (Flyball, 89D, EV 103.1 MPH)
Bottom of the 13th over - 0 runs, 0 hits, 0 errors, 0 left on base; Greenville 5 - Burlington 5
TOP OF THE 14TH
Greenville Drive batting - Pitching for Burlington Bees : RHP Chris Petrey
Batting: RHB David Clark 0-0: Swinging Strike
0-1: Swinging Strike
0-2: Fly out, F7 (Flyball, 78M, EV 98.1 MPH)
Batting: LHB Jarrett Mordecai 0-0: Called Strike
0-1: Ball
1-1: Ball
2-1: Ball
3-1: Base on Balls
Batting: RHB Nick Cottrell 0-0: Foul Ball, location: 2F
0-1: Ball
1-1: Ball
2-1: Foul Ball, location: 2F
2-2: Strikes out looking
Batting: RHB Adugna Chandu 0-0: Called Strike
0-1: Ball
1-1: Ball
2-1: Ball
3-1: Base on Balls
Jarrett Mordecai to second
Batting: RHB Jose Diaz 0-0: Called Strike
0-1: Ball
1-1: Swinging Strike
1-2: Strikes out looking
Top of the 14th over - 0 runs, 0 hits, 0 errors, 2 left on base; Greenville 5 - Burlington 5
BOTTOM OF THE 14TH
Burlington Bees batting - Pitching for Greenville Drive : RHP Tyler Carriger
Batting: RHB Ryuji Ito 0-0: Called Strike
0-1: Foul Ball, location: 2F
0-2: Foul Ball, location: 2F
0-2: Ball
1-2: Ball
2-2: Foul Ball, location: 2F
2-2: Ball
3-2: Foul Ball, location: 2F
3-2: Strikes out swinging
Batting: RHB Ryan Munro 0-0: Swinging Strike
0-1: Foul Ball, location: 2F
0-2: Ball
1-2: SINGLE (Flyball, 8LS, EV 90.0 MPH)
Batting: LHB Griffin Ferris 0-0: Called Strike
0-1: Ball
1-1: Fielders Choice at 2nd, 4-6 (Groundball, 34, EV 87.5 MPH)
Batting: LHB Brett Bugge 0-0: Foul Ball, location: 2F
0-1: Fielders Choice at 2nd, 5-4 (Groundball, 5, EV 95.6 MPH)
Bottom of the 14th over - 0 runs, 1 hit, 0 errors, 1 left on base; Greenville 5 - Burlington 5
TOP OF THE 15TH
Greenville Drive batting - Pitching for Burlington Bees : RHP Chris Petrey
Batting: RHB John Chiesa 0-0: Ball
1-0: Called Strike
1-1: Ball
2-1: Called Strike
2-2: Foul Ball, location: 2F
2-2: Ground out 5-3 (Groundball, 5S, EV 69.4 MPH)
Batting: RHB David Norum 0-0: Called Strike
0-1: Ball
1-1: Ground out 4-3 (Groundball, 4, EV 102.5 MPH)
Batting: RHB Chris Carlin 0-0: Ball
1-0: Ball
2-0: Ball
3-0: Base on Balls
Pitching: RHP Troy Ingram
Batting: RHB Tommy Boudreaux 0-0: Ball
1-0: TRIPLE (Line Drive, 9LD, EV 110.0 MPH)
Chris Carlin scores
Batting: RHB David Clark 0-0: Ball
Wild Pitch!
Tommy Boudreaux scores
1-0: Fly out, F8 (Flyball, 8RXD, EV 108.8 MPH)
Top of the 15th over - 2 runs, 1 hit, 0 errors, 0 left on base; Greenville 7 - Burlington 5
BOTTOM OF THE 15TH
Burlington Bees batting - Pitching for Greenville Drive : RHP Tyler Carriger
Batting: LHB Sean Corderman 0-0: Ball
1-0: Ball
2-0: Swinging Strike
2-1: Called Strike
2-2: Ball
3-2: Strikes out swinging
Batting: LHB Justin Alexander 0-0: Swinging Strike
0-1: Ball
1-1: Ball
2-1: Foul Ball, location: 2F
2-2: DOUBLE (Groundball, 3L, EV 108.1 MPH)
Pitching: RHP Mike Tolley
Batting: RHB Ryan Pelletier 0-0: Ball
1-0: Ball
2-0: Called Strike
2-1: Fly out, F4 (Popup, 4M, EV 52.5 MPH)
Batting: RHB Jon Griffin 0-0: Called Strike
0-1: Foul Ball, location: 2F
0-2: Strikes out swinging
Bottom of the 15th over - 0 runs, 1 hit, 0 errors, 1 left on base; Greenville 7 - Burlington 5
Wednesday, June 22nd , 2022 - OOTP Baseball 23.4 Build 64